 Dungeon Crawl Stone Soup version 0.28.0 (webtiles) character file.

Game seed: 18193456828669710538

226 Armakuni the Cutter (level 5, 0/41 HPs)
             Began as a Vampire Fire Elementalist on Feb 10, 2022.
             Succumbed to an orc's poison
             ... on level 4 of the Dungeon.
             The game lasted 00:12:31 (3281 turns).

Armakuni the Cutter (Vampire Fire Elementalist)     Turns: 3281, Time: 00:12:32

Health: 0/41       AC:  4    Str: 13 (15) XL:     5   Next: 69%
Magic:  4/8        EV: 12    Int: 17 (18) God:
Gold:   194        SH:  0    Dex: 12 (14) Spells: 7/8 levels left

rFire   . . .      SeeInvis +   a - +1 dagger (protect)
rCold   . . .      Faith    .   (no shield)
rNeg    . . .      Spirit   .   h - +0 robe
rPois   .          Reflect  .   j - +2 hat
rElec   .          Harm     .   (no cloak)
rCorr   .          Rampage  .   (no gloves)
Will    .....                   (no boots)
Stlth   ++........              (no amulet)
HPRegen 0.33/turn               V - +6 ring of strength
MPRegen 0.11/turn               L - ring of flight

@: lethally poisoned (0 -> -1), flying, healing quickly
A: alive, fangs 3, see invisible, vampiric 2
a: Exsanguinate


You were on level 4 of the Dungeon.
You visited 1 branch of the dungeon, and saw 4 of its levels.

You collected 194 gold pieces.

Inventory:

Hand Weapons
 a - a +1 dagger of protection (weapon)
Missiles
 c - 6 javelins
Armour
 b - a +0 buckler
 d - a +0 ring mail
 f - a +0 scale mail
 h - a +0 robe (worn)
 j - a +2 hat (worn)
Jewellery
 L - a ring of flight (right hand)
 V - a +6 ring of strength (left hand)
Scrolls
 e - a scroll of identify
 i - a scroll of enchant armour


   Skills:
 - Level 3.2 Fighting
 + Level 4.4 Short Blades
 - Level 2.1 Dodging
 - Level 3.0 Stealth
 - Level 2.0 Spellcasting
 - Level 0.6 Conjurations
 - Level 2.4 Fire Magic


You had 7 spell levels left.
You knew the following spells:

 Your Spells              Type           Power      Damage    Failure   Level
a - Foxfire               Conj/Fire      24%        2x1d5     11%         1

Your spell library contained the following spells:

 Spells                   Type           Power      Damage    Failure   Level
 Scorch                   Fire           18%        2d6       11%         2
 Conjure Flame            Conj/Fire      6%         6-21      30%         3
 Inner Flame              Hex/Fire       5%         N/A       34%         3
 Dazzling Flash           Conj/Hex       4%         N/A       45%         3
 Flame Wave               Conj/Fire      6%         2d5       71%         4
 Iskenderun's Mystic Bla  Conj/Tloc      2%         2d3       86%         4
 Starburst                Conj/Fire      3%         6d3       100%        6


Dungeon Overview and Level Annotations

Branches:
Dungeon (4/15)
 Temple: D:4-7

Altars:
Ashenzari

Shops:
D:2 =   D:3 (

Annotations:
D:3 Sigmund


Innate Abilities, Weirdness & Mutations

Your natural rate of healing is accelerated.
You have razor-sharp teeth.
You have supernaturally acute eyesight. (SInv)
You are afflicted with vampirism and can become a bat while bloodless.


Message History

The orc priest hits you with a +0 hand axe.
Okay, then.
Okay, then.
Okay, then.
Casting: Foxfire (safe; 11% risk of failure)
Press: ? - help, Q - select action, (/) - cycle Dir - look around, f - activate You conjure some foxfire!
The orc priest invokes the aid of Beogh against you.
Beogh smites you!
* * * LOW HITPOINT WARNING * * *
You feel much better.
The foxfire hits the orc priest.
The orc priest is moderately wounded.
The foxfire hits the orc priest but does no damage.
The orc priest is moderately wounded.
The orc priest hits you with a +0 hand axe.
Okay, then.
You hit the orc priest but do no damage.
Your weapon exudes an aura of protection.
The orc priest is moderately wounded.
The orc hits you but does no damage.
The orc priest hits you but does no damage.
The orc priest hits you with a +0 hand axe.
Okay, then.
Okay, then.
Okay, then.
You aren't carrying any potions.
Unknown command.
Okay, then.
The orc throws a poisoned dart.
The poisoned dart hits you!
You are poisoned.
You feel sick.
You feel sick.
You feel sick.
You feel sick.
You feel sick.
You feel sick.
The orc priest mumbles some strange prayers to Beogh against you.
Beogh smites you!
* * * LOW HITPOINT WARNING * * *
You die...

.>....'....#.♣.(#.♣..###.....
+.. ......##.#.#..♣.#....##
...## #..
.....###.#)##...####..##..#
##. ....## #....####...##...#
## ...## ####....#.♣..#..##
.. #+## ##)♣.#..♣.#.Z# ##
#...##...oo.# #†#..###.##.#
#....@...# .# #.######## .#
#######.# .. #.......# ##
#.####### ######.# .......#
########


There were no monsters in sight!

Vanquished Creatures
  An ogre (D:3)
  An orc wizard (D:3)
  2 adders
  A howler monkey skeleton (D:4)
  A worm (D:4)
  5 dart slugs
  4 orcs
  6 bats
  7 endoplasms
  7 goblins
  6 hobgoblins
  8 jackals
  4 kobolds
  12 ball pythons
  A frilled lizard (D:1)
  6 rats
72 creatures vanquished.

Vanquished Creatures (others)
  197 foxfires
197 creatures vanquished.

Grand Total: 269 creatures vanquished

Notes
Turn   | Place    | Note
-------+----------+-------------------------------------------
     0 | D:1      | Armakuni the Vampire Fire Elementalist began the quest for
                  | the Orb.
     0 | D:1      | Reached XP level 1. HP: 13/13 MP: 3/3
   121 | D:1      | Reached skill level 1 in Fighting
   257 | D:1      | Reached XP level 2. HP: 21/21 MP: 3/5
  1203 | D:2      | Gained mutation: You are afflicted with vampirism and can
                  | become a bat while bloodless. [Vampire growth]
  1203 | D:2      | Reached XP level 3. HP: 28/28 MP: 4/6
  1524 | D:2      | Found Naycwak's Jewellery Shoppe.
  1708 | D:2      | Found a faded altar of an unknown god.
  2108 | D:3      | Found Pufasal's Weapon Shoppe.
  2131 | D:3      | Noticed an ogre
  2258 | D:3      | Found a broken altar of Ashenzari.
  2361 | D:3      | Reached skill level 1 in Short Blades
  2361 | D:3      | Reached XP level 4. HP: 35/35 MP: 4/7
  2458 | D:3      | Killed an ogre
  2459 | D:3      | Reached skill level 3 in Short Blades
  2459 | D:3      | Reached XP level 5. HP: 41/41 MP: 1/8
  2607 | D:3      | Noticed Sigmund
  2708 | D:3      | Reached skill level 4 in Short Blades
  3280 | D:4      | HP: 1/41 [orc priest/divine providence (12)]
  3281 | D:4      | Succumbed to an orc's poison

Illustrated notes

Levels and vault maps discovered:
D:1:      dpeg_arrival_concentric_ovals, layout_loops_ring
D:2:      layout_loops_ring, ebering_ecumenical_altar_rust, serial_shops,
          nicolae_shop_crystal
D:3:      layout_rooms, lemuel_doored_altar, serial_shops, shop,
          minmay_fractal_squares_gapless_5, uniq_sigmund
D:4:      layout_loops_corners, lemuel_coloured_pillars_altar,
          grunt_nemelex_the_gamble, serial_glass, glass_columns_c,
          glass_columns_a, minmay_bent

Skill      XL: |  1  2  3  4  5 |
---------------+----------------+-----
Fighting       | 1 2 3 |  3.2
Short Blades   | 1 3 4 |  4.4
Dodging        | |  2.1
Stealth        | |  3.0
Spellcasting   | |  2.0
Conjurations   | |  0.6
Fire Magic     | |  2.4

Action                   |  1- 3 |  4- 6 || total
-------------------------+-------+-------++-------
Melee: Unarmed           |     2 |       ||     2
       Punch             |     1 |     2 ||     3
       Dagger            |    31 |    61 ||    92
       Bite              |     2 |     6 ||     8
 Cast: Foxfire           |    74 |    37 ||   111
  Use: Scroll            |     4 |     4 ||     8
       Potion            |       |     2 ||     2
 Stab: Sleeping          |     1 |     2 ||     3
Armor: Robe              |    20 |    23 ||    43
Dodge: Dodged            |    38 |    37 ||    75
